 Dungeon Crawl Stone Soup version 0.29.0-13-gc9e81de378 (webtiles) character file.

Game seed: 17542740462548602877

13463 hawla the Destroyer (level 11, 0/94 HPs)
             Began as a Red Draconian Conjurer on Sept 9, 2022.
             Was an Initiate of Vehumet.
             Slain by Rupert
             ... wielding a +0 great mace of protection
              (27 damage)
             ... on level 12 of the Dungeon on Sept 10, 2022.
             The game lasted 00:34:12 (17882 turns).

hawla the Destroyer (Red Draconian Conjurer)       Turns: 17882, Time: 00:34:13

Health: 0/94       AC:  9    Str:  9    XL:     11   Next: 75%
Magic:  10/24      EV: 14    Int: 28    God:    Vehumet [......]
Gold:   1079       SH:  0    Dex: 13    Spells: 21/28 levels left

rFire   + + .      SeeInvis .   d - staff of conjuration
rCold   . . .      Faith    .   (no shield)
rNeg    . . .      Spirit   .   (body armour unavailable)
rPois   .          Reflect  .   k - +2 hat
rElec   .          Harm     .   (no cloak)
rCorr   .          Rampage  .   (no gloves)
Will    .....                   (no boots)
Stlth   ++........              (no amulet)
HPRegen 0.25/turn               h - +6 ring of intelligence
MPRegen 0.19/turn               m - ring of protection from fire

@: hasted, very quick
A: breathe fire, AC +7, unfitting armour, fire resistance 1, cold-blooded,
talons 1, agile 1, robust 1
a: Breathe Fire, Renounce Religion


You were on level 12 of the Dungeon.
You worshipped Vehumet.
Vehumet was noncommittal.
You visited 2 branches of the dungeon, and saw 13 of its levels.

You collected 1079 gold pieces.

Inventory:

Hand Weapons
 y - a +1 quarterstaff
Armour
 k - a +2 hat (worn)
Magical Staves
 d - a staff of conjuration (weapon)
Jewellery
 a - a ring of fire
 f - a ring of fire
 h - a +6 ring of intelligence (left hand)
 m - a ring of protection from fire (right hand)
 p - a ring of ice
 u - a ring of protection from cold
Wands
 g - a wand of quicksilver (1)
 s - a wand of mindburst (6) (quivered)
 B - a wand of flame (16)
 C - a wand of digging (4)
Scrolls
 o - 4 scrolls of enchant armour
 t - 2 scrolls of enchant weapon
 v - a scroll of identify
Potions
 b - 3 potions of lignification
 c - a potion of flight
 e - 4 potions of heal wounds
 i - a potion of ambrosia
 j - a potion of invisibility
 l - 4 potions of attraction {unknown}
 n - 3 potions of brilliance {unknown}
 r - 4 potions of might {unknown}
 z - 3 potions of berserk rage
 A - a potion of curing


   Skills:
 + Level 5.0 Fighting
 + Level 4.9 Staves
 + Level 6.1 Dodging
 - Level 2.0 Stealth
 + Level 9.0 Spellcasting
 + Level 12.1 Conjurations
 + Level 6.9 Translocations
 + Level 2.2 Evocations


You had 21 spell levels left.
You knew the following spells:

 Your Spells              Type           Power      Damage    Failure   Level
a - Magic Dart            Conj           100%       1d8       1%          1
b - Searing Ray           Conj           100%       2d8       1%          2
c - Iskenderun's Mystic   Conj/Tloc      78%        2d16      1%          4

Your spell library contained the following spells:

 Spells                   Type           Power      Damage    Failure   Level
 Shock                    Conj/Air       100%       1d9       1%          1
 Dazzling Flash           Conj/Hex       100%       N/A       1%          3
 Portal Projectile        Hex/Tloc       64%        N/A       3%          3
 Fulminant Prism          Conj/Hex       31%        3d16      3%          4
 Swiftness                Air            12%        N/A       13%         3
 Tukima's Dance           Hex            12%        N/A       13%         3
 Summon Forest            Summ/Tloc      16%        N/A       30%         5
 Airstrike                Air            6%         2d(1-17)  41%         4
 Corpse Rot               Necr/Pois/Air  12%        N/A       41%         4
 Dispel Undead            Necr           12%        3d9       41%         4
 Blade Hands              Tmut           6%         N/A       77%         5
 Summon Mana Viper        Hex/Summ       12%        N/A       77%         5
 Death Channel            Necr           6%         N/A       100%        6
 Summon Cactus Giant      Summ           6%         N/A       100%        6


Dungeon Overview and Level Annotations

Branches:
Dungeon (12/15)            Temple (1/1) D:5            Lair (0/5) D:10
    Orc: D:9-12

Altars:
Ashenzari
Cheibriados
Dithmenos
Elyvilon
Fedhas
Gozag
Hepliaklqana
Kikubaaqudgha
Makhleb
Nemelex Xobeh
Okawaru
Qazlal
Ru
Sif Muna
Trog
Uskayaw
Vehumet
Wu Jian
Xom
Yredelemnul
Zin
The Shining One

Portals:
Trove: D:11 (give 3 potions of resistance)

Annotations:
D:6 3 runed translucent doors, Rudyous's ghost, novice HOFi
D:7 1 runed translucent door, Crazy Yiuf
D:9 1 runed translucent door, greynaab's ghost, novice GnEE
D:12 Rupert


Innate Abilities, Weirdness & Mutations

You can breathe blasts of fire.
Your fiery red scales are hard. (AC +7)
You cannot fit into any form of body armour.
Your flesh is heat resistant. (rF+)
You are cold-blooded and may be slowed by cold attacks.
You have sharp toenails.
You are agile. (Dex +4, Str/Int -1)
You are robust. (+10% HP)


Message History

Rupert is lightly wounded.
Rupert is knocked back by the mystic blast.
Rupert rages.
Rupert rages.
Casting: Iskenderun's Mystic Blast (mildly dangerous; 1% risk of failure)
Confirm with . or Enter, or press ? or * to list all spells.
You feel a surge of power!
You erupt in a blast of force!
The mystic blast hits Rupert!
Rupert is lightly wounded.
Rupert is knocked back by the mystic blast.
Casting: Iskenderun's Mystic Blast (mildly dangerous; 1% risk of failure)
Confirm with . or Enter, or press ? or * to list all spells.
You feel a surge of power!
You erupt in a blast of force!
The mystic blast hits Rupert but does no damage.
Rupert is lightly wounded.
Rupert rages.
Rupert hits you with a +0 great mace of protection.
Casting: Iskenderun's Mystic Blast (mildly dangerous; 1% risk of failure)
Confirm with . or Enter, or press ? or * to list all spells.
You feel a surge of power!
You erupt in a blast of force!
The mystic blast hits Rupert but does no damage.
Rupert is lightly wounded.
Rupert hits you with a +0 great mace of protection!!
Aiming: Quicksilver Bolt
Press: ? - help, Shift-Dir - straight line, f - Rupert
Aim: Rupert, wielding a +0 great mace of protection and wearing a +0 chain mail of willpower (lightly wounded, berserk, 79% to hit)
The bolt of dispelling energy hits Rupert!
Rupert is moderately wounded.
Rupert hits you with a +0 great mace of protection!
Rupert hits you with a +0 great mace of protection!!
* * * LOW HITPOINT WARNING * * *
You feel much better.
Rupert hits you with a +0 great mace of protection!
* * * LOW HITPOINT WARNING * * *
You feel yourself speed up. Rupert misses you.
Rupert hits you with a +0 great mace of protection!!
* * * LOW HITPOINT WARNING * * *
You feel much better.
Rupert hits you with a +0 great mace of protection!!
You die...

.# .# .# .# †# .#
.# .# ##########
.# #....@@..# .#
#.######.# .# #.#
.# .# #.# .### .#
#.# .... .####
#.# ###..# ....#
##.###....#
###.######...##.#
#........#....#


You could see Rupert (berserk).

Vanquished Creatures
  A boulder beetle (D:11)
  Erica (D:9)
  A two-headed ogre (D:11)
  2 ugly things
  Joseph (D:9)
  Maggie (D:7)
  An unseen horror (D:11)
  2 komodo dragons
  A kobold demonologist (D:10)
  Psyche (D:8)
  2 trolls (D:11)
  Grinder (D:4)
  3 slime creatures (D:12)
  17 yaks
  A wraith (D:9)
  2 wyverns
  A steam dragon (D:9)
  2 acid dragons
  A water moccasin (D:6)
  3 ice beasts
  3 black bears
  4 orc warriors
  A sky beast (D:8)
  2 wolves (D:8)
  5 centaurs
  2 phantoms
  3 kobold brigands
  2 necrophages
  4 bullfrogs
  5 scorpions
  7 wights (D:8)
  5 killer bees (D:9)
  5 howler monkeys
  2 electric eels (D:8)
  A crimson imp (D:8)
  4 hounds
  A jelly (D:6)
  8 orc priests
  A gnoll bouda (D:5)
  9 orc wizards
  5 iguanas
  A statue (D:10)
  8 adders
  12 gnolls
  5 white imps
  An ufetubus (D:4)
  2 worms
  2 dart slugs (D:1)
  38 orcs
  4 endoplasms
  5 giant cockroaches
  6 goblins
  7 hobgoblins
  4 jackals (D:4)
  5 quokkas
  6 ball pythons
  7 bats (D:1)
  2 frilled lizards (D:2)
  20 kobolds
  11 rats
270 creatures vanquished.

Vanquished Creatures (others)
  An ufetubus (D:8)
  An orc (D:8)
  A bush (D:6)
  A fungus (D:6)
  14 plants
18 creatures vanquished.

Grand Total: 288 creatures vanquished

Notes
Turn   | Place    | Note
-------+----------+-------------------------------------------
     0 | D:1      | hawla the Draconian Conjurer began the quest for the Orb.
     0 | D:1      | Reached XP level 1. HP: 14/14 MP: 3/3
   383 | D:1      | Reached XP level 2. HP: 20/20 MP: 0/5
   448 | D:1      | Learned a level 2 spell: Searing Ray
  1179 | D:1      | Reached XP level 3. HP: 26/26 MP: 3/6
  2536 | D:2      | Reached XP level 4. HP: 27/33 MP: 3/7
  2541 | D:2      | Learned a level 4 spell: Iskenderun's Mystic Blast
  2699 | D:2      | Found a faded altar of an unknown god.
  2738 | D:2      | Found an iron altar of Okawaru.
  3018 | D:3      | Reached skill level 5 in Conjurations
  3021 | D:3      | Reached skill level 1 in Translocations
  3401 | D:3      | Reached XP level 5. HP: 38/38 MP: 2/8
  4010 | D:4      | Found a sparkling altar of Nemelex Xobeh.
  4106 | D:4      | Noticed Grinder
  4119 | D:4      | Paralysed by something for 4 turns
  4128 | D:4      | Killed Grinder
  4129 | D:4      | Reached skill level 6 in Conjurations
  4129 | D:4      | Reached XP level 6. HP: 32/45 MP: 6/9
  4338 | D:4      | Reached skill level 7 in Conjurations
  4338 | D:4      | Your scales start taking on a fiery red colour.
  4338 | D:4      | Reached XP level 7. HP: 50/50 MP: 3/10
  4338 | D:4      | Gained mutation: Your flesh is heat resistant. (rF+) [Red
                  | Draconian growth]
  4413 | D:4      | Found a glowing silver altar of Zin.
  5140 | D:4      | Reached skill level 8 in Conjurations
  5655 | D:5      | Entered Level 5 of the Dungeon
  5660 | D:5      | Reached skill level 1 in Staves
  5714 | D:5      | Reached skill level 1 in Fighting
  5714 | D:5      | Reached XP level 8. HP: 49/59 MP: 2/12
  5960 | D:5      | Found a staircase to the Ecumenical Temple.
  6473 | Temple   | Entered the Ecumenical Temple
  7872 | D:6      | Found a runed translucent gate.
  7873 | D:6      | Found a runed translucent gate.
  7873 | D:6      | Noticed a kobold demonologist
  7874 | D:6      | Found a runed translucent gate.
  8005 | D:6      | Reached skill level 9 in Conjurations
  8248 | D:6      | Noticed Rudyous's ghost (novice HOFi)
  8861 | D:7      | Noticed Maggie
  9171 | D:7      | Reached XP level 9. HP: 68/68 MP: 9/16
  9623 | D:7      | Killed Maggie
  9624 | D:7      | Reached skill level 5 in Spellcasting
  9804 | D:7      | Found a runed translucent door.
  9805 | D:7      | Noticed Crazy Yiuf
 10444 | D:8      | Found a burning altar of Makhleb.
 10444 | D:8      | Found a shimmering altar of Xom.
 10924 | D:8      | Reached skill level 10 in Conjurations
 10980 | D:8      | Reached skill level 5 in Translocations
 11701 | D:8      | Noticed Psyche
 11710 | D:8      | Killed Psyche
 11711 | D:8      | Reached XP level 10. HP: 72/77 MP: 7/20
 12425 | D:9      | Noticed greynaab's ghost (novice GnEE)
 12425 | D:9      | Found a runed translucent door.
 12425 | D:9      | Found a shimmering altar of Xom.
 12427 | D:9      | Noticed a +5 flail of chaos
 12685 | D:9      | Noticed Joseph
 12692 | D:9      | Killed Joseph
 13377 | D:9      | Reached skill level 5 in Dodging
 13518 | D:9      | Noticed a moth of wrath
 13607 | D:9      | Found a bloodstained altar of Trog.
 14113 | D:10     | Entered Level 10 of the Dungeon
 14116 | D:10     | Gained mutation: You are agile. (Dex +4, Str/Int -1)
                  | [potion of mutation]
 14116 | D:10     | Gained mutation: You are robust. (+10% HP) [potion of
                  | mutation]
 14116 | D:10     | Gained mutation: You have sharp toenails. [potion of
                  | mutation]
 14209 | D:10     | Noticed Erica
 14210 | D:10     | Reached skill level 1 in Evocations
 14216 | D:10     | Reached skill level 11 in Conjurations
 14261 | D:9      | Killed Erica
 14262 | D:9      | Reached XP level 11. HP: 73/92 MP: 2/22
 14760 | D:10     | Identified the +8 scimitar "Bidudae" {venom, *Rage rC- rN++
                  | Int+2}
 14965 | D:10     | Found a radiant altar of Vehumet.
 14972 | D:10     | Became a worshipper of Vehumet
 15121 | D:10     | Found a staircase to the Lair.
 15873 | D:11     | Noticed a boulder beetle
 15882 | D:11     | Killed a boulder beetle
 16149 | D:11     | Noticed a two-headed ogre
 16285 | D:11     | Killed a two-headed ogre
 16475 | D:11     | Noticed a cyan ugly thing
 16490 | D:11     | Killed a cyan ugly thing
 17070 | D:11     | Found a portal to a secret trove of treasure.
 17147 | D:11     | Reached skill level 12 in Conjurations
 17704 | D:12     | Noticed a brown ugly thing
 17717 | D:12     | Killed a brown ugly thing
 17718 | D:12     | Reached skill level 5 in Fighting
 17858 | D:12     | Noticed Rupert
 17879 | D:12     | HP: 1/94 [Rupert/+0 great mace of protection (25)]
 17882 | D:12     | Slain by Rupert

Illustrated notes

Levels and vault maps discovered:
D:1:      psy_arrival_fountain, layout_loops_cross
D:2:      layout_loops_cross, chequers_ecumenical_altar_simple_redux,
          basic_altar, wander_ebering_terrifying_dragon_lair
D:3:      layout_basic
D:4:      minmay_recursive_quarters, layout_basic,
          mainiacjoe_overflow_small_starburst, mainiacjoe_overflow_24_doors,
          uniq_grinder
D:5:      layout_layer_cave, minmay_temple_entry_proselytizer
D:6:      layout_cave_pools, gammafunk_ghost_nasty_kobolds,
          corexii_item_surrounded_by_moat, kb_lookout_dungeons_type
D:7:      layout_loops_ring, uniq_maggie, uniq_crazy_yiuf_cottage
D:8:      layout_basic, grunt_temple_overflow_champion_of_chaos, serial_ice,
          serial_ice_m, serial_ice_g, serial_ice_i, serial_ice_a, uniq_psyche
D:9:      layout_basic, tgw_trog, serial_corexii_hall,
          corexii_hall_statues_deadend, corexii_hall_statues_deadend,
          ebering_ghost_xom, uniq_joseph
D:10:     layout_layer_cave, vehumet_statue, david_lair_shrubbed, uniq_erica
D:11:     layout_basic, david_orc_4, nicolae_trove_entry_crossroad,
          serial_park_tiny_1, minmay_puff
D:12:     layout_loops_ring, solitary_fountain, uniq_rupert, uniq_erolcha
Temple:   nicolae_temple_superstar

Skill      XL: |  1  2  3  4  5  6  7  8  9 10 11 |
---------------+----------------------------------+-----
Dodging        | 2 3 4 5 6 |  6.1
Stealth        | 2 |  2.0
Conjurations   | 5 6 7 8 9 10 11 12 | 12.1
Translocations | 1 2 3 4 5 6 |  6.9
Staves         | 1 2 3 4 |  4.9
Spellcasting   | 3 4 6 7 9 |  9.0
Fighting       | 1 2 3 4 5 |  5.0
Evocations     | 1 2 |  2.2

Action                   |  1- 3 |  4- 6 |  7- 9 | 10-12 || total
-------------------------+-------+-------+-------+-------++-------
Melee: Unarmed           |    33 |       |       |       ||    33
       Tailslap          |    14 |     4 |     5 |    15 ||    38
       Staff             |    36 |    42 |    90 |    69 ||   237
       Punch             |       |       |     1 |     1 ||     2
       Kick              |       |       |       |    11 ||    11
 Cast: Magic Dart        |    24 |    21 |    55 |    13 ||   113
       Searing Ray       |    19 |    10 |    48 |    40 ||   117
       Iskenderun's Myst |       |     3 |    35 |    67 ||   105
 Abil: Breathe Fire      |       |       |     2 |       ||     2
Evoke: Wand              |       |       |     3 |     6 ||     9
  Use: Scroll            |     7 |     3 |     4 |    13 ||    27
       Potion            |       |     2 |     2 |     5 ||     9
 Stab: Sleeping          |     3 |       |     1 |       ||     4
Armor: Skin              |    21 |    22 |    85 |    47 ||   175
Dodge: Dodged            |    51 |    30 |    93 |    97 ||   271
